 Dungeon Crawl Stone Soup version 0.21-a0-504-g2eda330 (webtiles) character file.

165 Gwenloh the Changer (level 5, -5/40 HPs)
             Began as a Draconian Transmuter on Nov 25, 2017.
             Killed by divine providence
             ... invoked by an orc priest
              (13 damage)
             ... on level 4 of the Dungeon.
             The game lasted 00:17:05 (3336 turns).

Gwenloh the Changer (Draconian Transmuter)          Turns: 3336, Time: 00:17:06

Health: -5/40      AC:  7    Str: 14    XL:     5   Next: 22%
Magic:  6/10       EV: 12    Int: 13    God:
Gold:   302        SH:  0    Dex: 11    Spells: 5/11 levels left

rFire    . . .     SeeInvis .     - Unarmed
rCold    + . .     Gourm    .   (no shield)
rNeg     . . .     Faith    .   (armour unavailable)
rPois    .         Spirit   .   (helmet restricted)
rElec    .         Reflect  .   (no cloak)
rCorr    .         Harm     .   i - +1 pair of gloves
MR       .....                  (no boots)
Stlth    +.........             (no amulet)
HPRegen  0.13/turn              w - ring of protection from cold
MPRegen  0.12/turn              u - ring of wizardry

@: no status effects
A: unfitting armour, cold-blooded, AC +5
a: no special abilities


You were on level 4 of the Dungeon.
You were not hungry.

You visited 1 branch of the dungeon, and saw 4 of its levels.

You collected 302 gold pieces.

Inventory:

Hand Weapons
 a - a +0 hunting sling
 C - a +0 blowgun
Missiles
 e - 34 sling bullets
 j - 105 stones (quivered)
 A - 40 arrows
 D - 11 poisoned needles
Armour
 i - a +1 pair of gloves (worn)
Jewellery
 f - an uncursed ring of positive energy
 u - a ring of wizardry (right hand)
 w - a ring of protection from cold (left hand)
Scrolls
 d - a scroll of remove curse {unknown}
 o - a scroll of amnesia {unknown}
 q - a scroll of random uselessness {unknown}
 r - 3 scrolls of teleportation {unknown}
 s - a scroll of noise {unknown}
 t - 2 scrolls of blinking {unknown}
 v - a scroll of identify {unknown}
 y - a scroll of enchant weapon {unknown}
 G - 2 scrolls of fear {unknown}
Potions
 g - a potion of cancellation {unknown}
 h - 2 potions of curing {unknown}
 k - a potion of haste {unknown}
 l - a potion of berserk rage {unknown}
 n - a potion of invisibility {unknown}
 p - a potion of brilliance {unknown}
 z - a potion of ambrosia {unknown}
 B - a potion of agility {unknown}
 E - a potion of resistance {unknown}
 F - 2 potions of mutation {unknown}
 H - a potion of flight {unknown}
Books
 b - a book of Changes

   Spells                             Type                      Level
   a - Beastly Appendage              Transmutation                1
   b - Sticks to Snakes               Transmutation                2
   c - Spider Form                    Transmutation/Poison         3
   d - Ice Form                       Ice/Transmutation            4
   e - Blade Hands                    Transmutation                5
 I - a book of Changes

   Spells                             Type                      Level
   a - Beastly Appendage              Transmutation                1
   b - Sticks to Snakes               Transmutation                2
   c - Spider Form                    Transmutation/Poison         3
   d - Ice Form                       Ice/Transmutation            4
   e - Blade Hands                    Transmutation                5
Comestibles
 c - 2 bread rations
 m - 3 fruits
 x - a meat ration
 J - 4 chunks of flesh


   Skills:
 - Level 1.1 Fighting
 - Level 1.7 Dodging
 - Level 3.0 Unarmed Combat
 + Level 3.8 Spellcasting
 + Level 4.1 Transmutations


You had 5 spell levels left.
You knew the following spells:

 Your Spells              Type           Power        Failure   Level  Hunger
a - Beastly Appendage     Tmut           ##....       1%          1    None
b - Sticks to Snakes      Tmut           ##......     2%          2    ##.....
c - Spider Form           Tmut/Pois      #.........   11%         3    ###....


Dungeon Overview and Level Annotations

Branches:
Dungeon (4/15)
 Temple: D:4-7

Altars:
Dithmenos
Ru


Innate Abilities, Weirdness & Mutations

Your plain brown scales are hard. (AC +5)
You cannot fit into any form of body armour.
You are cold-blooded and may be slowed by cold attacks.


Message History

Confirm with . or Enter, or press ? or * to list all spells.
You create a snake!
You now have 40 arrows.
Your ball python barely misses the orc wizard.
Your ball python grabs the orc wizard.
Your ball python constricts the orc wizard.
The orc priest invokes the aid of Beogh against you.
Beogh smites you! The orc wizard misses your ball python.
The orc wizard casts a spell at you.
The puff of frost hits your ball python.
Your ball python dies!
The orc wizard closely misses you.
The orc wizard hits you but does no damage.
The orc priest invokes the aid of Beogh against you.
Beogh smites you!
* * * LOW HITPOINT WARNING * * *
The orc wizard looks encouraged for a moment.
The orc priest casts a cantrip, but nothing happens.
The orc priest invokes the aid of Beogh against you.
Beogh smites you!
You die...

##'## #.. ##.##.#
##...## #..##..##.#
##.....## #.........#
#.......###.##..###.#
.........##.#...###.#
.........+.....#....#
.........####.###.###
#.......## ##.#.##
##.....## ##.@#
##...## ##o# ##+##
#.# # #.# #. #.# ##.#
#.# ##.o. #o# #...o.
#o# ##....# #o#


You could see an orc priest, an orc wizard and an orc.

Vanquished Creatures
  Natasha (D:3)
  3 adders
  A worm (D:2)
  2 dart slugs
  3 leopard geckos
  7 orcs
  5 giant cockroaches
  5 goblins
  5 hobgoblins
  4 kobolds
  4 quokkas
  3 bats
  3 frilled lizards
  6 rats
  2 plants (D:1)
54 creatures vanquished.

Vanquished Creatures (collateral kills)
  Natasha (twice) (D:3)
  An adder (D:2)
3 creatures vanquished.

Grand Total: 57 creatures vanquished

Notes
Turn   | Place    | Note
-------+----------+-------------------------------------------
     0 | D:1      | Gwenloh the Draconian Transmuter began the quest for the Orb.
     0 | D:1      | Reached XP level 1. HP: 16/16 MP: 3/3
     2 | D:1      | Noticed a minotaur
     2 | D:1      | Noticed a human
     4 | D:1      | Noticed a felid
     4 | D:1      | Noticed an elf
     6 | D:1      | Noticed a draconian
     6 | D:1      | Noticed a formicid
     8 | D:1      | Noticed a vampire
    10 | D:1      | Noticed a centaur
    10 | D:1      | Noticed an octopode
    12 | D:1      | Noticed an ogre
    12 | D:1      | Noticed a naga
    14 | D:1      | Noticed a spriggan
    16 | D:1      | Noticed a gargoyle
    18 | D:1      | Noticed a halfling
    18 | D:1      | Noticed a vine stalker
    20 | D:1      | Noticed a demigod
    20 | D:1      | Noticed a ghoul
    22 | D:1      | Noticed a dwarf
    22 | D:1      | Noticed a tengu
    24 | D:1      | Noticed a merfolk
    26 | D:1      | Noticed a demonspawn
    26 | D:1      | Noticed a troll
   293 | D:1      | Reached XP level 2. HP: 22/23 MP: 3/5
   297 | D:1      | Learned a level 2 spell: Sticks to Snakes
  1142 | D:2      | Reached XP level 3. HP: 27/28 MP: 1/7
  1276 | D:2      | Reached skill level 3 in Transmutations
  1543 | D:2      | Found a shadowy altar of Dithmenos.
  2016 | D:3      | Found a sacrificial altar of Ru.
  2259 | D:3      | Reached XP level 4. HP: 35/35 MP: 6/8
  2270 | D:3      | Noticed Natasha
  2279 | D:3      | Killed Natasha
  2484 | D:3      | Noticed Natasha
  2495 | D:3      | Killed Natasha
  2708 | D:3      | Noticed Natasha
  2716 | D:3      | Killed Natasha
  2716 | D:3      | Reached skill level 4 in Transmutations
  2716 | D:3      | Reached XP level 5. HP: 36/40 MP: 7/10
  3196 | D:4      | Learned a level 3 spell: Spider Form
  3336 | D:4      | Killed from afar by an orc priest

Vault maps used:
D:1:      kb_arrival_jail, serial_forest, infiniplex_forest_clump_tiny,
          infiniplex_forest_straight_5, infiniplex_forest_split,
          infiniplex_forest_clump_diagonal, infiniplex_forest_clump_diagonal,
          infiniplex_forest_clump_C, infiniplex_forest_lined_corner,
          infiniplex_forest_clump_long, infiniplex_forest_lined_room_,
          minmay_misc_feat_plants
D:2:      grunt_dithmenos_smoke_and_mirrors
D:3:      first_bread, nicolae_ru_sacrificial_ziggurat, uniq_natasha
D:4:      nicolae_overflow_hidden_temple, nicolae_tso_swordbearing_angel

Skill      XL: |  1  2  3  4 |
---------------+-------------+-----
Transmutations | 3 4 |  4.1
Spellcasting   | 3 |  3.8
Fighting       | |  1.1
Dodging        | |  1.7
Unarmed Combat | |  3.0

Action                   |  1- 3 |  4- 6 || total
-------------------------+-------+-------++-------
Melee: Unarmed           |   198 |    54 ||   252
       Kick              |     7 |     5 ||    12
       Tailslap          |    35 |     7 ||    42
       Headbutt          |     6 |       ||     6
       Punch             |     2 |       ||     2
 Fire: Hunting sling     |       |     4 ||     4
 Cast: Beastly Appendage |    26 |     6 ||    32
       Sticks to Snakes  |     4 |     8 ||    12
       Spider Form       |       |     1 ||     1
 Stab: Distracted        |     1 |       ||     1
  Eat: Chunk             |     5 |     4 ||     9
Armor: Skin              |    24 |     9 ||    33
Dodge: Dodged            |    61 |    25 ||    86

Table legend:
 A = Spawn XP
 B = Non-spawn XP
 C = Spawn XP percentage of total XP
 D = Spawn monster count
 E = Non-spawn monster count
 F = Spawn count percentage of total count
 G = Total turns spent on level
                    A         B        C        D         E        F      G
               +---------+---------+-------+---------+---------+-------+---------
         Total |       0 |     237 |   0.0 |       0 |      55 |   0.0 |  3336
               +---------+---------+-------+---------+---------+-------+---------
           D:1 |       0 |      16 |   0.0 |       0 |       9 |   0.0 |   936
           D:2 |       0 |      77 |   0.0 |       0 |      25 |   0.0 |   993
           D:3 |       0 |     136 |   0.0 |       0 |      18 |   0.0 |  1154
           D:4 |       0 |       8 |   0.0 |       0 |       3 |   0.0 |   253
               +---------+---------+-------+---------+---------+-------+---------
